Kradschützen Motorcycle Team
Selects Panzerjäger Kommand Battlegroup
Construct Light Support Kompanie
Construct Mechanized Kompanie
Selects Defensive Positions
Selects Butterfly Bomb Drop
Construct Panzerarmee Kommand
Marder III Tank Destroyer
Marder III Tank Destroyer
Selects Crew Shock Tactics
Construct Panzerarmee Kommand
Selects Anti-tank Overwatch
Walking Stuka Rocket Launcher
Panzerjäger Mechanized Group
18-tonne Recovery Half-track
Flak 36 Anti-tank Gun Team
Flak 36 Anti-tank Gun Team